 Dungeon Crawl Stone Soup version 0.27-a0-661-gca034ae587 (webtiles) character file.

Game seed: 8824437397873477543

294 Johnny the Magician (level 6, -1/37 HPs)
             Began as a Deep Elf Earth Elementalist on Mar 16, 2021.
             Killed by divine providence
             ... invoked by an orc priest
              (10 damage)
             ... on level 4 of the Dungeon.
             The game lasted 00:03:17 (4098 turns).

Johnny the Magician (Deep Elf Earth Elementalist)   Turns: 4098, Time: 00:03:17

Health: -1/37      AC:  3    Str:  5    XL:     6   Next: 11%
Magic:  15/15      EV: 12    Int: 22    God:
Gold:   190        SH:  0    Dex: 15    Spells: 2/15 levels left

rFire    . . .     SeeInvis .   a - +3 dagger (venom)
rCold    . . .     Faith    .   (no shield)
rNeg     . . .     Spirit   .   c - +0 robe
rPois    .         Reflect  .   (no helmet)
rElec    .         Harm     .   o - +0 cloak
rCorr    .         Rampage  .   (no gloves)
Will     .....                  (no boots)
Stlth    ++........             (no amulet)
HPRegen  0.12/turn              (no ring)
MPRegen  0.14/turn              (no ring)

@: no status effects
A: no striking features
a: no special abilities


You were on level 4 of the Dungeon.
You visited 1 branch of the dungeon, and saw 4 of its levels.

You collected 190 gold pieces.

Inventory:

Hand Weapons
 a - a +3 dagger of venom (weapon)
Missiles
 b - 88 stones
Armour
 c - a +0 robe (worn)
 o - a +0 cloak (worn)
Jewellery
 q - a ring of magical power
Scrolls
 d - 2 scrolls of teleportation {unknown}
 g - 2 scrolls of blinking {unknown}
 h - 3 scrolls of identify {unknown}
 l - 2 scrolls of fear {unknown}
 p - a scroll of noise {unknown}
 r - a scroll of enchant armour {unknown}
Potions
 e - 2 potions of mutation {unknown}
 f - a potion of haste {unknown}
 i - a potion of resistance {unknown}
 j - 2 potions of curing {unknown}
 k - 2 potions of might {unknown}
 m - a potion of lignification
 n - a potion of attraction {unknown}


   Skills:
 * Level 3.4 Fighting
 - Level 2.4 Dodging
 - Level 2.4 Stealth
 + Level 5.0 Spellcasting
 - Level 1.1 Transmutations
 + Level 4.6 Earth Magic


You had 2 spell levels left.
You knew the following spells:

 Your Spells              Type           Power      Damage    Failure   Level
a - Sandblast             Erth           52%        2d12      1%          1
b - Stone Arrow           Conj/Erth      30%        3d8       12%         3
c - Lee's Rapid Deconstr  Erth           13%        3d10*     38%         5
d - Petrify               Tmut/Erth      18%        N/A       30%         4

Your spell library contained the following spells:

 Spells                   Type           Power      Damage    Failure   Level
 Passwall                 Tmut/Erth      15%        N/A       4%          2
 Animate Skeleton         Necr           10%        N/A       10%         1
 Apportation              Tloc           10%        N/A       10%         1
 Corona                   Hex            5%         N/A       10%         1
 Summon Small Mammal      Summ           20%        N/A       10%         1


Dungeon Overview and Level Annotations

Branches:
Dungeon (4/15)
 Temple: D:4-7

Altars:


Message History

No previous command to re-do.
No previous command to re-do.
No previous command to re-do.
You start resting.
Magic restored.
Things that are here:
a +0 dagger; a +0 leather armour; a frilled lizard corpse
r - a scroll labelled NIEMOTIMM
Items here: ) [ ††.
A ball python comes into view.
The ball python hisses angrily.
A ball python is nearby!
A ball python is nearby!
A ball python is nearby!
An orc priest and an ogre come into view.
The orc priest shouts!
The orc wizard shouts!
You hear a shout!
You hear a howl! 2 gnolls and a howler monkey come into view.
The howler monkey howls!
The ball python bites you but does no damage.
The ball python grabs you. The ball python constricts you.
You aren't carrying any items that you can evoke.
Unknown command.
You escape the ball python's grasp.
The gnoll shouts!
The orc priest shouts!
You hear an angry hiss.
You hear a shout!
The orc priest invokes the aid of Beogh against you.
Beogh smites you!
An adder comes into view.
The orc priest mumbles some strange prayers to Beogh against you.
Beogh smites you!
* * * LOW HITPOINT WARNING * * *
Okay, then.
Okay, then.
The ball python closely misses you. The ball python misses you.
The orc wizard casts a spell at you. You resist with some effort.
The orc priest calls down the wrath of Beogh upon you.
Beogh smites you!
You die...

...o... #≈≈≈..≈≈≈#.#
......S##
####''####.#
.h...hog# #.....#.#
####o###########.#.#
#.........# #.#.#
#....O....# #.#.#
#.........# ##.#.#
#.......S.# #..#.#
#.......@.# ##.##.#
#.........## #..##.#
#########..# #.###.#
##.###.# #.# #...#)#
#.# ###.#)###.######
#............# ###
##.....>....... ..
#..............


You could see an ogre, an orc priest, an orc wizard, a gnoll, an adder and a
ball python.

Vanquished Creatures
  Crazy Yiuf (D:2)
  2 hounds (D:4)
  An orc wizard (D:4)
  8 adders
  4 oozes
  2 worms
  3 dart slugs
  3 leopard geckos (D:2)
  12 orcs
  5 giant cockroaches
  6 goblins
  3 hobgoblins
  2 jackals (D:3)
  5 kobolds
  2 ball pythons (D:3)
  2 bats
  7 frilled lizards
  6 rats
74 creatures vanquished.

Notes
Turn   | Place    | Note
-------+----------+-------------------------------------------
     0 | D:1      | Johnny the Deep Elf Earth Elementalist began the quest for
                  | the Orb.
     0 | D:1      | Reached XP level 1. HP: 10/10 MP: 6/6
   228 | D:1      | Reached XP level 2. HP: 16/16 MP: 6/8
   610 | D:2      | Reached skill level 1 in Fighting
  1265 | D:2      | Reached XP level 3. HP: 20/20 MP: 8/10
  1734 | D:2      | Found a runed translucent door.
  1735 | D:2      | Noticed Crazy Yiuf
  1858 | D:2      | Reached skill level 4 in Spellcasting
  1858 | D:2      | Reached XP level 4. HP: 22/26 MP: 10/12
  2950 | D:2      | Killed Crazy Yiuf
  3056 | D:3      | Reached XP level 5. HP: 31/31 MP: 11/13
  3582 | D:3      | Learned a level 3 spell: Stone Arrow
  3588 | D:3      | Learned a level 5 spell: Lee's Rapid Deconstruction
  3593 | D:3      | Learned a level 4 spell: Petrify
  3848 | D:4      | Reached skill level 5 in Spellcasting
  4020 | D:4      | Reached XP level 6. HP: 37/37 MP: 12/15
  4098 | D:4      | Killed from afar by an orc priest

Illustrated notes

Levels and vault maps discovered:
D:1:      heliophobic_arrival_glass_houses, layout_rooms, minmay_pentomino_v2
D:2:      layout_basic, st_stairs_12, uniq_crazy_yiuf_cottage
D:3:      layout_basic
D:4:      layout_rooms, kennysheep_generic_room_6

Skill      XL: |  1  2  3  4  5 |
---------------+----------------+-----
Fighting       | 1 2 3 |  3.4
Spellcasting   | 4 5 |  5.0
Earth Magic    | 4 |  4.6
Dodging        | |  2.4
Stealth        | |  2.4
Transmutations | |  1.1

Action                   |  1- 3 |  4- 6 || total
-------------------------+-------+-------++-------
Melee: Short sword       |    28 |       ||    28
       Dagger            |    20 |    54 ||    74
 Cast: Sandblast         |    21 |    45 ||    66
  Use: Potion            |     1 |       ||     1
 Stab: Sleeping          |     3 |     6 ||     9
Armor: Robe              |    10 |     7 ||    17
Dodge: Dodged            |    21 |    54 ||    75

Table legend: (Time is in decaauts)
 A = Elapsed time spent in this place.
 B = Non-inter-level travel time spent in this place.
 C = Inter-level travel time spent in this place.
 D = Time resting spent in this place.
 E = Time spent auto-exploring this place.
 F = Levels seen in this place.
 G = Mean time per level.
                   A        B        C        D        E       F      G
               +--------+--------+--------+--------+--------+-----+--------+
         Total |   4100 |   3904 |    196 |    391 |   3063 |   4 | 1025.0 |
       Dungeon |   4100 |   3904 |    196 |    391 |   3063 |   4 | 1025.0 |
               +--------+--------+--------+--------+--------+-----+--------+

Top non-repeatable levels by time:
     D:2: 2454 daAuts
     D:3: 753 daAuts
     D:1: 598 daAuts
     D:4: 294 daAuts
